[ AOE2 MATCH · #493717425 ]
UnrankedTurks vs Vietnamese
Player's team · LOSS
[ REPLAY ANALYSIS · EXTRACTED FROM THE RECORDED GAME ]
Feudal
10:31
Castle
15:35
Imperial
—
| APM avg | 34.4 |
| APM peak | 86 |
| eAPM avg | 14.6 |
| Villagers / military | 42 / 28 |
Focus
⚔️ 24.2% · 🌾 75.8%
Janissary ×12 · Scorpion ×10 · Monk ×4 · Mangonel ×2
Feudal
11:00
Castle
19:02
Imperial
—
| APM avg | 42.5 |
| APM peak | 87 |
| eAPM avg | 19.2 |
| Villagers / military | 61 / 45 |
Focus
⚔️ 32.1% · 🌾 67.9%
Archer ×42 · Militia ×3
Match map
Initial resources + every placement click. Lines = walls · curves = elevation contours. ◆ gold · ⬟ stone · ● berries · ✦ relic · ◌ wall gap
Your base· Open — opponent sealed themselves in
french drush's base· ✓ Closed at 19:02 · 38t walls · no gate
Smoothed initial terrain · ◌ = detected wall gap · hover for details
Inputs per minute
— Bleys - - french drush
Build order — Bleys
124 actions detected in the replay
| 0:00 | Create | Villager (Male) |
| 0:01 | Create | Villager (Male) |
| 0:01 | Create | Villager (Male) |
| 0:02 | Build | House |
| 0:03 | Build | House |
| 0:30 | Create | Villager (Male) |
| 1:25 | Create | Villager (Male) |
| 2:02 | Create | Villager (Male) |
| 2:15 | Create | Villager (Male) |
| 2:17 | Build | Lumber Camp |
| 2:45 | Create | Villager (Male) |
| 3:06 | Create | Villager (Male) |
| 3:33 | Create | Villager (Male) |
| 3:34 | Create | Villager (Male) |
| 3:50 | Build | House |
| 4:19 | Research | Loom |
| 4:28 | Build | House |
| 4:37 | Create | Villager (Male) |
| 4:45 | Build | House |
| 4:46 | Build | Palisade Wall |
| 4:59 | Create | Villager (Male) |
| 5:24 | Build | Palisade Wall |
| 5:33 | Create | Villager (Male) |
| 5:37 | Build | Mill |
| 5:50 | Create | Villager (Male) |
| 5:58 | Build | Palisade Wall |
| 5:59 | Build | Palisade Wall |
| 6:23 | Build | Palisade Wall |
| 6:25 | Build | Palisade Wall |
| 6:25 | Build | Palisade Wall |
| 6:26 | Build | Palisade Wall |
| 6:27 | Build | Palisade Wall |
| 6:27 | Build | Palisade Wall |
| 6:31 | Create | Villager (Male) |
| 6:36 | Build | Palisade Wall |
| 6:47 | Create | Villager (Male) |
| 7:11 | Create | Villager (Male) |
| 7:49 | Create | Villager (Male) |
| 8:03 | Build | Mining Camp |
| 8:16 | Build | Mining Camp |
| 8:21 | Research | Feudal Age |
| 9:10 | Create | Villager (Male) |
| 9:10 | Create | Villager (Male) |
| 10:31 | Age | Feudal Age |
| 10:37 | Build | Market |
| 10:39 | Build | Blacksmith |
| 10:58 | Create | Villager (Male) |
| 12:35 | Build | Lumber Camp |
| 12:55 | Research | Castle Age |
| 13:24 | Build | House |
| 13:53 | Research | Stone Mining |
| 14:34 | Build | Palisade Wall |
| 15:03 | Research | Double-Bit Axe |
| 15:07 | Build | Farm |
| 15:07 | Build | Farm |
| 15:08 | Build | Farm |
| 15:35 | Age | Castle Age |
| 15:47 | Create | Villager (Male) |
| 15:58 | Build | Castle |
| 16:14 | Build | Monastery |
| 16:26 | Create | Villager (Male) |
| 16:52 | Build | Mining Camp |
| 16:54 | Create | Villager (Male) |
| 17:22 | Build | Farm |
| 17:28 | Create | Villager (Male) |
| 17:43 | Create | Janissary |
| 17:57 | Build | Palisade Wall |
| 17:59 | Build | Palisade Wall |
| 17:59 | Create | Villager (Male) |
| 18:06 | Create | Monk |
| 18:07 | Create | Monk |
| 18:19 | Build | Farm |
| 18:24 | Create | Janissary |
| 18:32 | Build | Farm |
| 18:45 | Create | Monk |
| 19:07 | Create | Villager (Male) |
| 19:27 | Create | Villager (Male) |
| 19:27 | Create | Villager (Male) |
| 19:47 | Build | Stone Wall |
| 19:52 | Build | Siege Workshop |
| 19:53 | Create | Villager (Male) |
| 19:59 | Create | Janissary |
| 20:11 | Create | Villager (Male) |
| 20:15 | Build | Farm |
| 20:18 | Build | Farm |
| 20:26 | Create | Janissary |
| 20:26 | Create | Janissary |
| 20:44 | Create | Scorpion |
| 20:55 | Build | Farm |
| 20:56 | Create | Villager (Male) |
| 21:13 | Create | Janissary |
| 21:31 | Create | Monk |
| 21:44 | Create | Scorpion |
| 21:45 | Create | Villager (Male) |
| 21:45 | Create | Villager (Male) |
| 22:04 | Create | Janissary |
| 22:04 | Create | Janissary |
| 22:07 | Create | Janissary |
| 22:14 | Create | Villager (Male) |
| 22:22 | Create | Scorpion |
| 22:42 | Create | Villager (Male) |
| 23:00 | Create | Scorpion |
| 23:07 | Research | Town Watch |
| 23:14 | Create | Janissary |
| 23:36 | Create | Scorpion |
| 23:36 | Create | Scorpion |
| 23:36 | Create | Scorpion |
| 23:38 | Create | Villager (Male) |
| 23:42 | Create | Villager (Male) |
| 23:43 | Build | House |
| 23:44 | Build | House |
| 23:59 | Create | Scorpion |
| 24:08 | Build | House |
| 24:09 | Build | House |
| 24:19 | Create | Janissary |
| 24:40 | Create | Janissary |
| 24:44 | Build | House |
| 24:46 | Create | Villager (Male) |
| 24:55 | Create | Mangonel |
| 24:55 | Create | Mangonel |
| 25:05 | Create | Villager (Male) |
| 25:43 | Create | Scorpion |
| 25:50 | Create | Scorpion |
| 26:07 | Create | Villager (Male) |
Build order — french drush
First 150 of 194 actions detected
| 0:00 | Create | Villager (Male) |
| 0:00 | Create | Villager (Male) |
| 0:01 | Build | House |
| 0:03 | Build | House |
| 0:08 | Create | Villager (Male) |
| 0:14 | Create | Villager (Male) |
| 1:27 | Create | Villager (Male) |
| 1:46 | Build | Lumber Camp |
| 2:03 | Create | Villager (Male) |
| 2:15 | Create | Villager (Male) |
| 2:15 | Create | Villager (Male) |
| 2:49 | Create | Villager (Male) |
| 2:49 | Create | Villager (Male) |
| 3:10 | Create | Villager (Male) |
| 3:37 | Create | Villager (Male) |
| 3:52 | Build | House |
| 3:53 | Build | House |
| 4:02 | Create | Villager (Male) |
| 4:34 | Create | Villager (Male) |
| 4:53 | Create | Villager (Male) |
| 5:02 | Build | Barracks |
| 5:20 | Create | Villager (Male) |
| 5:35 | Create | Villager (Male) |
| 5:43 | Build | Palisade Wall |
| 5:56 | Create | Militia |
| 5:56 | Create | Militia |
| 5:58 | Create | Villager (Male) |
| 6:13 | Build | Mill |
| 6:19 | Create | Villager (Male) |
| 6:25 | Build | House |
| 6:45 | Create | Militia |
| 7:02 | Build | House |
| 7:06 | Create | Villager (Male) |
| 7:15 | Create | Villager (Male) |
| 7:24 | Create | Villager (Male) |
| 7:43 | Build | Farm |
| 7:50 | Research | Loom |
| 8:02 | Build | Farm |
| 8:22 | Create | Villager (Male) |
| 8:28 | Build | Farm |
| 8:50 | Research | Feudal Age |
| 9:11 | Create | Villager (Male) |
| 9:13 | Build | Mill |
| 9:46 | Build | Palisade Wall |
| 9:47 | Build | Palisade Wall |
| 9:54 | Build | Palisade Wall |
| 9:56 | Build | Palisade Wall |
| 10:53 | Build | Palisade Wall |
| 10:54 | Build | Palisade Wall |
| 11:00 | Age | Feudal Age |
| 11:06 | Build | Archery Range |
| 11:07 | Create | Villager (Male) |
| 11:11 | Build | Mining Camp |
| 11:18 | Research | Double-Bit Axe |
| 11:18 | Research | Horse Collar |
| 11:31 | Create | Villager (Male) |
| 12:04 | Build | Palisade Wall |
| 12:05 | Build | Palisade Wall |
| 12:06 | Build | Palisade Wall |
| 12:07 | Build | Palisade Wall |
| 12:11 | Build | Palisade Wall |
| 12:13 | Create | Villager (Male) |
| 12:17 | Create | Archer |
| 12:22 | Build | Palisade Gate |
| 12:25 | Build | Palisade Wall |
| 12:28 | Create | Villager (Male) |
| 12:47 | Create | Archer |
| 12:53 | Build | Archery Range |
| 12:59 | Build | House |
| 13:04 | Create | Villager (Male) |
| 13:05 | Create | Archer |
| 13:21 | Build | Palisade Wall |
| 13:25 | Create | Villager (Male) |
| 13:39 | Create | Villager (Male) |
| 13:41 | Build | Farm |
| 13:43 | Build | Farm |
| 13:46 | Create | Archer |
| 13:55 | Create | Archer |
| 14:05 | Create | Villager (Male) |
| 14:05 | Create | Archer |
| 14:11 | Build | House |
| 14:19 | Create | Archer |
| 14:27 | Create | Villager (Male) |
| 14:30 | Build | House |
| 14:32 | Build | Farm |
| 14:38 | Build | Blacksmith |
| 14:47 | Create | Archer |
| 14:47 | Create | Archer |
| 14:54 | Create | Archer |
| 14:55 | Create | Archer |
| 14:55 | Create | Archer |
| 15:07 | Create | Archer |
| 15:08 | Create | Villager (Male) |
| 15:34 | Build | Lumber Camp |
| 15:35 | Create | Villager (Male) |
| 16:09 | Build | House |
| 16:10 | Build | House |
| 16:22 | Research | Castle Age |
| 16:26 | Build | Farm |
| 16:28 | Build | Farm |
| 16:34 | Create | Archer |
| 16:47 | Create | Archer |
| 16:59 | Build | Farm |
| 17:01 | Build | Farm |
| 17:14 | Create | Archer |
| 17:19 | Research | Fletching |
| 17:29 | Build | Farm |
| 17:34 | Create | Archer |
| 17:43 | Build | Farm |
| 17:55 | Build | Farm |
| 18:00 | Create | Archer |
| 18:10 | Create | Archer |
| 18:44 | Create | Villager (Male) |
| 19:02 | Age | Castle Age |
| 19:06 | Research | Crossbowman (upgrade) |
| 19:18 | Research | Bodkin Arrow |
| 19:20 | Create | Archer |
| 19:31 | Create | Villager (Male) |
| 19:36 | Build | Lumber Camp |
| 19:38 | Create | Archer |
| 19:49 | Build | University |
| 19:53 | Create | Archer |
| 20:06 | Create | Villager (Male) |
| 20:06 | Create | Villager (Male) |
| 20:17 | Build | House |
| 20:18 | Build | House |
| 20:48 | Research | Ballistics |
| 20:52 | Create | Villager (Male) |
| 21:17 | Create | Archer |
| 21:20 | Create | Villager (Male) |
| 21:22 | Research | Wheelbarrow |
| 21:27 | Create | Archer |
| 21:31 | Create | Villager (Male) |
| 21:44 | Build | Town Center |
| 21:47 | Create | Archer |
| 21:54 | Research | Town Watch |
| 21:57 | Create | Villager (Male) |
| 22:02 | Create | Archer |
| 22:19 | Research | Bow Saw |
| 22:21 | Create | Archer |
| 22:35 | Create | Villager (Male) |
| 22:36 | Create | Archer |
| 22:42 | Create | Villager (Male) |
| 22:54 | Build | Town Center |
| 23:00 | Create | Archer |
| 23:03 | Create | Archer |
| 23:04 | Build | House |
| 23:07 | Build | House |
| 23:11 | Create | Archer |
| 23:22 | Create | Villager (Male) |
Match timeline
| 4:46 | Bleys · wall_segment Palisade Wall x1 |
| 5:02 | french drush · first_building Barracks |
| 5:24 | Bleys · wall_segment Palisade Wall x7 |
| 5:43 | french drush · wall_segment Palisade Wall x3 |
| 5:58 | Bleys · wall_segment Palisade Wall x1 |
| 5:59 | Bleys · wall_segment Palisade Wall x1 |
| 6:23 | Bleys · wall_segment Palisade Wall x1 |
| 6:25 | Bleys · wall_segment Palisade Wall x1 |
| 6:25 | Bleys · wall_segment Palisade Wall x1 |
| 6:26 | Bleys · wall_segment Palisade Wall x1 |
| 6:27 | Bleys · wall_segment Palisade Wall x1 |
| 6:27 | Bleys · wall_segment Palisade Wall x1 |
| 6:36 | Bleys · wall_segment Palisade Wall x4 |
| 9:46 | french drush · wall_segment Palisade Wall x11 |
| 9:47 | french drush · wall_segment Palisade Wall x1 |
| 9:54 | french drush · wall_segment Palisade Wall x3 |
| 9:56 | french drush · wall_segment Palisade Wall x5 |
| 10:31 | Bleys · age_up feudal |
| 10:53 | french drush · wall_segment Palisade Wall x1 |
| 10:54 | french drush · wall_segment Palisade Wall x1 |
| 11:00 | french drush · age_up feudal |
| 11:06 | french drush · first_building Archery Range |
| 11:27 | Bleys · first_market_sell 100 stone |
| 11:32 | Bleys · first_market_buy 100 food |
| 12:04 | french drush · wall_segment Palisade Wall x5 |
| 12:05 | french drush · wall_segment Palisade Wall x1 |
| 12:06 | french drush · wall_segment Palisade Wall x1 |
| 12:07 | french drush · wall_segment Palisade Wall x1 |
| 12:11 | french drush · wall_segment Palisade Wall x3 |
| 12:25 | french drush · wall_segment Palisade Wall x1 |
| 13:21 | french drush · wall_segment Palisade Wall x1 |
| 14:34 | Bleys · wall_segment Palisade Wall x1 |
| 15:35 | Bleys · age_up castle |
| 15:58 | Bleys · first_building Castle |
| 16:14 | Bleys · first_building Monastery |
| 17:57 | Bleys · wall_segment Palisade Wall x1 |
| 17:59 | Bleys · wall_segment Palisade Wall x1 |
| 19:02 | french drush · age_up castle |
| 19:47 | Bleys · wall_segment Stone Wall x1 |
| 19:52 | Bleys · first_building Siege Workshop |
| 26:26 | Bleys · resign |
[ AI ANALYSIS · 1 CREDIT ]
What really happened in this match?
Wolo.gg analyzes every decision: build order, eco, micro, common mistakes by bracket. Personalized analysis on WhatsApp or Discord in 30 seconds.
Civ guide
Turks
Perfil
Jugador #4130894